 Dungeon Crawl Stone Soup version 0.26.0-10-g1f06aea511 (webtiles) character file.

Game seed: 367349131909492704

219664 Aviak the Spry (level 19, 0/125 HPs)
             Began as a Tengu Ice Elementalist on Jan 19, 2021.
             Was the Champion of Ashenzari.
             Slain by an alligator (16 damage)
             ... while paralysed by a fenstrider witch
             ... on level 3 of the Swamp.
             The game lasted 01:30:42 (43548 turns).

Aviak the Spry (Tengu Ice Elementalist)            Turns: 43548, Time: 01:30:42

Health: 0/125      AC: 23    Str: 11    XL:     19   Next: 15%
Magic:  27/27      EV:  2    Int: 12    God:    Ashenzari [******]
Gold:   296        SH:  0    Dex: 19    Spells: 21/28 levels left

rFire    + . .     SeeInvis +   J - +7 demon trident (venom) (curse)
rCold    + . .     Faith    .   Y - +10 tower shield of Ignorance {rN+ Int-4} (curse)
rNeg     + + +     Spirit   .   Z - +5 scale mail "Worchib" {Rampage rF+} (curse)
rPois    +         Reflect  .   S - +0 hat (curse)
rElec    +         Harm     .   y - +2 ratskin cloak {*Rats rPois rN+ Str-1 Int-1 Dex+1} (curse)
rCorr    .         Rampage  +   (no gloves)
Will     .....     Clarity  +   (boots unavailable)
Stlth    +.........             e - amulet of magic regeneration
HPRegen  0.30/turn              X - ring of Raxtoro {+Inv rElec rC+ rN++ Will-} (curse)
MPRegen  0.45/turn              A - +4 ring of protection (curse)

@: paralysed, about to teleport, flying quickly and evasively, studying Shields,
quick
A: beak, talons 3, able to fly
}: 1/15 runes: serpentine
a: Stop Flying, Renounce Religion, Evoke Invisibility, Curse Item, Scrying,
Transfer Knowledge


You were on level 3 of the Swamp.
You worshipped Ashenzari.
Ashenzari was exalted by your worship.
You visited 6 branches of the dungeon, and saw 32 of its levels.
You visited the Abyss 1 time.
You also visited: Ossuary and Gauntlet.

You collected 3638 gold pieces.
You spent 3342 gold pieces at shops.

Inventory:

Hand Weapons
 D - the +6 spear of Triumph {protect, Dex+7}
   (You found it on level 6 of the Dungeon)

   It grants its wielder temporary protection when it strikes (+7 to AC).
   It affects your dexterity (+7).
 J - a cursed +7 demon trident of venom (weapon)
Armour
 y - the cursed +2 ratskin cloak (worn) {*Rats rPois rN+ Str-1 Int-1 Dex+1}
   (You found it on level 6 of the Dungeon)

   It affects your strength (-1).
   It affects your intelligence (-1).
   It affects your dexterity (+1).
   It protects you from poison.
   It protects you from negative energy.
   It has a curse placed upon it.
 H - +2 swamp dragon scales {rPois}
 S - a cursed +0 hat (worn)
 Y - the cursed +10 tower shield of Ignorance (worn) {rN+ Int-4}
   (You found it on level 1 of the Orcish Mines)

   It affects your intelligence (-4).
   It protects you from negative energy.
   It has a curse placed upon it.
 Z - the cursed +5 scale mail "Worchib" (worn) {Rampage rF+}
   (You found it on level 3 of the Abyss)

   It protects you from fire.
   It bestows one free step when moving towards enemies.
   It has a curse placed upon it.
Jewellery
 e - an amulet of magic regeneration (around neck)
 A - a cursed +4 ring of protection (right hand)
 C - a +6 ring of dexterity
 E - a +4 ring of evasion
 F - an uncursed ring of protection from fire
 R - a +4 ring of protection
 X - the cursed ring of Raxtoro (left hand) {+Inv rElec rC+ rN++ Will-}
   (You acquired it on level 2 of the Snake Pit)

   [ring of protection from cold]

   It protects you from cold.
   It insulates you from electricity.
   It greatly protects you from negative energy.
   It affects your willpower, your defense against some magical effects.
   It lets you turn invisible.
   It has a curse placed upon it.
Wands
 a - a wand of paralysis (21)
 d - a wand of polymorph (22)
 k - a wand of disintegration (24)
 G - a wand of flame (43)
 M - a wand of random effects (10)
 N - a wand of digging (5)
Scrolls
 b - 6 scrolls of enchant armour
 f - 6 scrolls of magic mapping
 g - 9 scrolls of amnesia
 i - 5 scrolls of identify
 p - 9 scrolls of immolation
 r - 3 scrolls of remove curse
 s - a scroll of summoning {!r}
 t - 4 scrolls of teleportation
 u - 5 scrolls of fear
 x - a scroll of blinking
 I - a scroll of fog
 O - a scroll of holy word
Potions
 c - 2 potions of curing
 j - 3 potions of invisibility
 l - 5 potions of cancellation
 m - 6 potions of berserk rage
 n - 3 potions of might
 o - 5 potions of mutation {!q}
 q - a potion of resistance
 v - 4 potions of attraction
 w - 2 potions of ambrosia
 z - 3 potions of lignification {!q}
 B - 5 potions of haste
 L - 8 potions of brilliance
 P - 2 potions of magic
Books
 W - a manual of Shields
Miscellaneous
 K - a phantom mirror
 Q - a lightning rod (4/4)
 T - a box of beasts
 U - a condenser vane (inert)


   Skills:
 + Level 16.2 Fighting
 - Level 9.9(14.2) Polearms
 + Level 15.5(18.0) Armour
 + Level 17.5(19.9) Dodging
 - Level 2.0 Stealth
 + Level 12.9(15.5) Shields
 - Level 5.2 Spellcasting
 - Level 6.1(9.2) Ice Magic
 + Level 11.4(14.1) Evocations


You had 21 spell levels left.
You knew the following spells:

 Your Spells              Type           Power        Failure   Level
a - Freeze                Ice            100%         4%          1
b - Frozen Ramparts       Ice            50%          14%         3
c - Ozocubu's Armour      Ice            25%          14%         3

Your spell library contained the following spells:

 Spells                   Type           Power        Failure   Level
 Ensorcelled Hibernation  Hex/Ice        28%          38%         2
 Apportation              Tloc           8%           86%         1
 Beastly Appendage        Tmut           8%           86%         1
 Foxfire                  Conj/Fire      16%          86%         1
 Magic Dart               Conj           16%          86%         1
 Shock                    Conj/Air       16%          86%         1
 Sting                    Tmut/Pois      16%          86%         1
 Poisonous Vapours        Pois/Air       8%           95%         2
 Searing Ray              Conj           8%           95%         2
 Slow                     Hex            4%           95%         2
 Swiftness                Air            4%           95%         2
 Hailstorm                Conj/Ice       14%          95%         4
 Summon Ice Beast         Ice/Summ       14%          95%         4
 Confusing Touch          Hex            4%           99%         3
 Dazzling Flash           Conj/Hex       8%           99%         3
 Gell's Gravitas          Tloc           2%           99%         3
 Ignite Poison            Fire/Tmut/Pois 4%           99%         3
 Inner Flame              Hex/Fire       4%           99%         3
 Mephitic Cloud           Conj/Pois/Air  4%           99%         3
 Portal Projectile        Hex/Tloc       8%           99%         3
 Spider Form              Tmut/Pois      2%           99%         3
 Static Discharge         Conj/Air       4%           99%         3
 Airstrike                Air            2%           100%        4
 Cause Fear               Hex            2%           100%        4
 Fulminant Prism          Conj/Hex       2%           100%        4
 Iskenderun's Mystic Bla  Conj/Tloc      4%           100%        4
 Olgreb's Toxic Radiance  Pois           4%           100%        4
 Petrify                  Tmut/Erth      4%           100%        4
 Summon Lightning Spire   Summ/Air       4%           100%        4
 Blade Hands              Tmut           2%           100%        5
 Fireball                 Conj/Fire      2%           100%        5
 Lightning Bolt           Conj/Air       2%           100%        5
 Metabolic Englaciation   Hex/Ice        7%           100%        5
 Silence                  Hex/Air        2%           100%        5
 Summon Forest            Summ/Tloc      2%           100%        5
 Yara's Violent Unravell  Hex/Tmut       2%           100%        5
 Conjure Ball Lightning   Conj/Air       2%           100%        6
 Eringya's Noxious Bog    Tmut/Pois      2%           100%        6
 Hydra Form               Tmut           2%           100%        6
 Starburst                Conj/Fire      2%           100%        6
 Ignition                 Fire           2%           100%        8
 Shatter                  Erth           2%           100%        9
 Tornado                  Air            2%           100%        9


Dungeon Overview and Level Annotations

Branches:
Dungeon (15/15)            Temple (1/1) D:7            Lair (6/6) D:8
  Swamp (4/4) Lair:4        Snake (4/4) Lair:3        Slime (0/5) Lair:5
    Orc (2/2) D:11            Elf (0/3) Orc:2        Vaults (0/5) D:13
 Depths (0/5) D:15        Ossuary (visited)         Gauntlet (visited)

Altars:
Ashenzari
Cheibriados
Dithmenos
Elyvilon
Fedhas
Gozag
Hepliaklqana
Kikubaaqudgha
Makhleb
Nemelex Xobeh
Okawaru
Qazlal
Ru
Sif Muna
Trog
Uskayaw
Vehumet
Wu Jian
Xom
Yredelemnul
Zin
The Shining One
Beogh
Jiyva

Shops:
Orc:1 }!:   Orc:2 }?}(   Snake:2 ?   Snake:4 !:

Annotations:
D:3 3 runed translucent doors, emiel's ghost, amateur DsWn
D:8 4 exclusions
D:14 Roxanne
Lair:5 3 runed translucent doors, Bolunijamo's ghost, journeyman GnFi
Lair:6 exclusion: oklob plant
Orc:1 1 runed translucent door


Innate Abilities, Weirdness & Mutations

You have a beak for a mouth.
You have claws for feet.
You can fly continuously.


Message History

You hit the alligator.
The alligator looks as sick as possible!
You claw the alligator.
The alligator is moderately wounded.
The fenstrider witch gestures at you while chanting.
You suddenly lose the ability to move!
The alligator bites you but does no damage.
The alligator tail-slaps you.
* * * LOW HITPOINT WARNING * * *
The fenstrider witch hits you but does no damage.
The fenstrider witch kicks you but does no damage.
The alligator bites you.
* * * LOW HITPOINT WARNING * * *
The alligator tail-slaps you but does no damage.
The fenstrider witch hits you!
* * * LOW HITPOINT WARNING * * *
The fenstrider witch kicks you.
* * * LOW HITPOINT WARNING * * *
The alligator bites you!
You die...

.♣♣≈).......≈≈≈≈≈≈≈♣♣≈..≈♣♣
.≈.≈≈♣≈.<.≈.≈≈≈≈≈≈≈.≈♣...§♣
..).≈♣§♣♣♣♣.≈≈≈≈≈≈§≈≈§♣≈≈≈♣
..≈.≈≈..♣♣≈§...≈≈≈≈≈≈≈.≈.)♣
...≈(..♣♣♣≈.≈♣≈.≈≈≈≈≈≈.§..♣
♣.≈♣.♣♣♣ ♣♣≈..♣≈.≈....≈≈.^♣♣
♣.≈♣≈≈≈♣♣♣♣≈≈§≈.≈≈≈...♣>≈≈.♣
♣.≈.≈≈≈.♣♣.§≈§≈≈≈≈≈...♣.≈..♣
♣...≈≈≈.≈♣.≈≈≈≈t@H...♣♣.[≈♣♣
♣♣..≈≈≈.≈♣♣♣..♣♣♣..≈♣♣≈..≈♣
.♣......≈≈≈♣♣♣♣♣♣♣...≈.≈≈.♣
.♣.♣♣♣..≈≈≈.♣..♣♣♣....≈≈≈.♣
.♣.≈.....§≈≈≈≈≈≈♣♣♣♣......♣
.♣.....♣.≈≈≈≈≈≈.≈♣ ♣♣♣♣≈≈♣♣
.♣♣....♣.≈≈....≈♣♣ ♣♣♣≈♣
.≈♣...♣♣≈..♣♣♣♣♣♣ ♣♣♣
..♣.≈§.♣♣♣♣♣


You could see an alligator (swift, extremely poisoned) and a fenstrider witch.

Vanquished Creatures
  A sphinx (shapeshifter) (Abyss:3)
  2 thorn hunters (Swamp:2)
  Gastronok (Lair:3)
  3 tentacled starspawn (Abyss:3)
  17 nagarajas
  Louise (Swamp:2)
  3 very ugly things (Abyss:3)
  Nessos (Lair:6)
  A bunyip (Swamp:3)
  4 eleionomae
  A green death (Abyss:3)
  Snorg (Lair:5)
  3 ogre magi (Orc:2)
  Harold (D:9)
  12 naga warriors
  An ice dragon (Lair:6)
  A boulder beetle (D:11)
  15 hydras
  5 alligators
  8 anacondas
  A catoblepas (Lair:6)
  A ghost crab (Gauntlet)
  6 centaur warriors
  14 naga sharpshooters
  4 death yaks (Lair:2)
  5 two-headed ogres
  Urug (Lair:6)
  3 death scarabs (Abyss:3)
  2 shock serpents
  Sonja (Lair:3)
  Nergalle (Orc:2)
  A skeletal warrior (D:15)
  A wretched star (Abyss:3)
  3 salamander mystics
  5 goliath frogs
  6 spriggan druids
  5 unseen horrors
  3 naga ritualists
  A necromancer (D:14)
  4 orange crystal statues (Orc:1)
  5 swamp dragons
  A wizard (D:13)
  3 bog bodies
  3 large abominations (Abyss:3)
  2 lindwurms (Lair:6)
  7 ugly things
  2 wolf spiders
  6 orc sorcerers (Orc:2)
  A wolf spider zombie (D:12)
  8 mana vipers
  3 manticores (D:14)
  6 will-o-the-wisps
  A wolf spider (shapeshifter) (D:15)
  6 cyclopes
  14 salamanders
  3 centaur zombies
  5 elephants (Lair:4)
  34 black mambas
  5 torpor snails (Lair:6)
  17 naga magi
  17 guardian serpents
  20 cane toads
  Maggie (D:9)
  2 rime drakes
  3 centaur skeletons
  A freezing wraith (D:15)
  A demonic crawler (Abyss:3)
  An efreet (D:14)
  An ice devil (Gauntlet)
  13 komodo dragons
  A tormentor (Abyss:3)
  An ancient zyme (Abyss:3)
  A bloated husk (Swamp:1)
  4 trolls
  3 tyrant leeches
  19 hornets
  5 slime creatures (D:15)
  A polar bear (Lair:6)
  Prince Ribbit (D:5)
  7 blink frogs
  4 dream sheep (Lair:6)
  A polar bear (shapeshifter) (D:14)
  A vampire (D:14)
  6 spriggans (Swamp:3)
  2 redbacks (Lair:6)
  A hog (Lair:5)
  17 wyverns
  4 wraiths
  A wyvern (shapeshifter) (Abyss:3)
  6 basilisks
  39 yaks
  Eustachio (D:5)
  17 vampire mosquitoes
  4 chaos spawn (Abyss:3)
  A soldier ant (D:14)
  An acid dragon (D:12)
  13 swamp worms
  4 wargs
  30 nagas
  20 water moccasins
  10 orc warriors
  A swamp drake (Swamp:2)
  6 sky beasts
  2 black bears
  4 ice beasts
  An eye of draining (D:15)
  A necrophage (D:11)
  9 ogres
  A wolf (shapeshifter) (Abyss:3)
  9 wolves (Lair:4)
  13 centaurs
  A phantom (D:12)
  9 small abominations
  2 big kobolds
  23 bullfrogs
  A bullfrog (shapeshifter) (Abyss:3)
  A wyvern zombie (D:13)
  4 scorpions
  15 killer bees
  5 spriggan skeletons (D:12)
  13 wights
  A troll skeleton (D:12)
  2 electric eels (Snake:1)
  A howler monkey (D:6)
  A howler monkey (shapeshifter) (Abyss:3)
  5 bullfrog zombies
  A quasit (D:4)
  8 hounds
  9 orc priests
  A jelly (shapeshifter) (Abyss:3)
  3 jellies
  4 bullfrog skeletons
  A gnoll shaman (D:6)
  An iguana (D:6)
  An iron imp (Abyss:3)
  2 iguanas (shapeshifter) (Abyss:3)
  14 worker ants
  27 orc wizards
  A hell rat (D:6)
  A big kobold zombie (Ossuary)
  8 mummies (Ossuary)
  A worker ant zombie (D:8)
  11 gnolls
  An adder (shapeshifter) (Abyss:3)
  9 adders
  6 river rats (D:6)
  A river rat (shapeshifter) (Abyss:3)
  2 shadow imps (D:5)
  6 white imps
  3 ufetubi
  3 adder skeletons
  2 adder zombies
  A worm (shapeshifter) (Abyss:3)
  2 worms
  A dart slug (shapeshifter) (Abyss:3)
  5 dart slugs
  6 leopard geckos
  82 orcs
  6 giant cockroaches
  A goblin (shapeshifter) (Abyss:3)
  11 goblins
  10 hobgoblins
  18 jackals
  A jackal (shapeshifter) (Abyss:3)
  15 kobolds
  3 quokkas
  2 ball pythons
  12 bats
  A bat (shapeshifter) (Abyss:3)
  10 frilled lizards
  A giant cockroach zombie (D:6)
  A gnoll zombie (Ossuary)
  3 kobold zombies (Ossuary)
  3 orc zombies (Ossuary)
  A quokka zombie (D:5)
  A rat (shapeshifter) (Abyss:3)
  19 rats
  2 briar patches (Swamp:2)
  A starspawn tentacle (Abyss:3)
1045 creatures vanquished.

Vanquished Creatures (collateral kills)
  A nagaraja (Snake:4)
  A bunyip (Swamp:3)
  A minotaur (Gauntlet)
  An ettin (Orc:1)
  A naga warrior (Snake:3)
  A two-headed ogre (D:13)
  A death knight (D:15)
  A death yak (Lair:2)
  3 naga sharpshooters
  A salamander mystic (Snake:4)
  A skeletal warrior (D:15)
  A naga ritualist (Snake:3)
  An ugly thing (D:15)
  A mana viper (Snake:1)
  An elephant (Lair:4)
  2 black mambas (Snake:4)
  A demonic crawler (Abyss:3)
  A rime drake (Lair:6)
  A komodo dragon (Lair:6)
  A tyrant leech (Lair:6)
  2 hornets
  2 wyverns (Lair:6)
  2 nagas
  2 vampire mosquitoes (Abyss:3)
  An ice beast (D:8)
  3 worker ants (Abyss:3)
  A starspawn tentacle (Abyss:3)
36 creatures vanquished.

Vanquished Creatures (others)
  Kirke (Lair:5)
  A nagaraja (Snake:4)
  A guardian serpent (Snake:4)
  A sky beast (D:13)
  3 orc wizards (Orc:2)
  A river rat (shapeshifter) (Abyss:3)
  2 briar patches (Swamp:2)
  3 bushes (D:7)
  14 demonic plants (Gauntlet)
  51 foxfires
  34 fungi
  96 plants
  11 starspawn tentacles (Abyss:3)
  8 toadstools (Swamp:2)
227 creatures vanquished.

Grand Total: 1308 creatures vanquished

Notes
Turn   | Place    | Note
-------+----------+-------------------------------------------
     0 | D:1      | Aviak the Tengu Ice Elementalist began the quest for the
                  | Orb.
     0 | D:1      | Reached XP level 1. HP: 10/10 MP: 4/4
   177 | D:1      | Reached XP level 2. HP: 13/15 MP: 1/6
   264 | D:1      | You fall into a shaft and drop 1 floor!
   371 | D:2      | Reached XP level 3. HP: 19/19 MP: 4/8
   595 | D:2      | Found a sacrificial altar of Ru.
   666 | D:1      | Found a shimmering altar of Xom.
  1188 | D:1      | Reached XP level 4. HP: 24/24 MP: 9/9
  2259 | D:2      | Learned a level 3 spell: Frozen Ramparts
  2263 | D:2      | Learned a level 3 spell: Ozocubu's Armour
  2747 | D:3      | Found an iron altar of Okawaru.
  2747 | D:3      | Found an ancient bone altar of Kikubaaqudgha.
  2805 | D:3      | Gained mutation: You can fly continuously. [Tengu growth]
  2805 | D:3      | Reached XP level 5. HP: 22/28 MP: 4/11
  2996 | D:3      | Reached skill level 5 in Ice Magic
  3538 | D:3      | Found a runed translucent gate.
  3539 | D:3      | Found a runed translucent gate.
  3540 | D:3      | Found a runed translucent gate.
  3541 | D:3      | Noticed emiel's ghost (amateur DsWn)
  3957 | D:4      | Reached XP level 6. HP: 19/32 MP: 2/13
  4809 | D:4      | Reached skill level 5 in Spellcasting
  4809 | D:4      | Reached XP level 7. HP: 36/36 MP: 8/15
  5126 | D:5      | Entered Level 5 of the Dungeon
  5141 | D:5      | Found a sand-covered staircase.
  5147 | Ossuary  | Entered an ossuary
  5191 | Ossuary  | Reached skill level 1 in Fighting
  5523 | Ossuary  | Reached skill level 3 in Dodging
  5949 | D:5      | Found a white marble altar of Elyvilon.
  5951 | D:5      | Noticed Eustachio
  5966 | D:5      | Killed Eustachio
  6078 | D:5      | Reached XP level 8. HP: 43/45 MP: 16/16
  6227 | D:5      | Reached skill level 4 in Dodging
  6548 | D:5      | Reached skill level 5 in Dodging
  6867 | D:5      | Found a bloodstained altar of Trog.
  7420 | D:5      | Noticed Prince Ribbit
  7437 | D:5      | Killed Prince Ribbit
  7438 | D:5      | Reached skill level 5 in Fighting
  7438 | D:5      | Reached skill level 6 in Dodging
  8067 | D:6      | Got a pitted spear
  8068 | D:6      | Identified the +6 spear of Triumph {protect, Dex+7} (You
                  | found it on level 6 of the Dungeon)
  8154 | D:6      | Reached skill level 1 in Polearms
  8154 | D:6      | Reached XP level 9. HP: 54/54 MP: 17/17
  8352 | D:6      | Found a shadowy altar of Dithmenos.
  8809 | D:6      | Found the +2 ratskin cloak {*Rats rPois rN+ Str-1 Int-1
                  | Dex+1}
  9029 | D:7      | Found a staircase to the Ecumenical Temple.
  9110 | Temple   | Entered the Ecumenical Temple
  9339 | Temple   | Became a worshipper of Ashenzari the Shackled
  9387 | D:7      | Reached skill level 7 in Dodging
  9491 | D:7      | Found a blossoming altar of Fedhas.
 10341 | D:8      | Reached skill level 8 in Dodging
 10417 | D:8      | Reached skill level 5 in Polearms
 10428 | D:8      | Reached XP level 10. HP: 38/63 MP: 18/18
 10443 | D:8      | Killed an unseen horror
 10537 | D:8      | Noticed a lindwurm
 10582 | D:8      | Noticed a lindwurm
 10585 | D:8      | Noticed a lindwurm
 10586 | D:8      | Identified the +1 long sword "Fext" {protect, *Contam rC+
                  | Dex+3}
 10771 | D:8      | Found a staircase to the Lair.
 11066 | D:8      | Reached * piety under Ashenzari
 11142 | D:9      | Noticed Harold
 11270 | D:9      | Killed Harold
 11271 | D:9      | Reached skill level 9 in Dodging
 11287 | D:9      | Noticed Maggie
 11315 | D:9      | Killed Maggie
 11532 | D:9      | Found a shimmering blue altar of Sif Muna.
 11591 | D:9      | Reached skill level 1 in Armour
 12020 | D:9      | Reached XP level 11. HP: 69/69 MP: 14/19
 12044 | D:9      | Found a shimmering altar of Xom.
 12052 | D:9      | Noticed a two-headed ogre
 12059 | D:9      | Killed a two-headed ogre
 12060 | D:9      | Reached skill level 10 in Dodging
 12321 | D:10     | Entered Level 10 of the Dungeon
 12353 | D:10     | Identified the +6 falchion "Tuelli" {venom, rElec}
 13022 | Lair:1   | Entered Level 1 of the Lair of Beasts
 13548 | Lair:1   | Noticed an eight-headed hydra
 13559 | Lair:1   | Killed an eight-headed hydra
 13622 | Lair:1   | Noticed an eight-headed hydra
 13634 | Lair:1   | Killed an eight-headed hydra
 13635 | Lair:1   | Reached skill level 5 in Armour
 13715 | Lair:1   | Reached skill level 11 in Dodging
 13873 | Lair:1   | Reached skill level 10 in Fighting
 13884 | Lair:1   | Reached XP level 12. HP: 73/77 MP: 17/20
 14364 | Lair:2   | Reached ** piety under Ashenzari
 14374 | Lair:2   | Noticed a seven-headed hydra
 14390 | Lair:2   | Killed a seven-headed hydra
 14700 | Lair:2   | Noticed an eight-headed hydra
 14709 | Lair:2   | Killed an eight-headed hydra
 14822 | Lair:2   | Noticed a death yak
 14823 | Lair:2   | Noticed a death yak
 14824 | Lair:2   | Noticed a death yak
 14824 | Lair:2   | Noticed a death yak
 14824 | Lair:2   | Noticed a death yak
 14830 | Lair:2   | Noticed a six-headed hydra
 14844 | Lair:2   | Killed a death yak
 14854 | Lair:2   | Killed a death yak
 14866 | Lair:2   | Killed a death yak
 14873 | Lair:2   | Killed a six-headed hydra
 14874 | Lair:2   | Reached skill level 12 in Dodging
 14886 | Lair:2   | Killed a death yak
 14897 | Lair:2   | Killed a death yak
 15512 | Lair:3   | Found a staircase to the Snake Pit.
 15721 | Lair:3   | Noticed Sonja
 15735 | Lair:3   | Killed Sonja
 15755 | Lair:3   | Noticed a four-headed hydra
 15769 | Lair:3   | Killed a four-headed hydra
 15770 | Lair:3   | Reached XP level 13. HP: 66/84 MP: 16/21
 15969 | Lair:3   | Noticed Gastronok
 15992 | Lair:3   | Killed Gastronok
 16766 | Lair:4   | Reached skill level 1 in Shields
 16915 | Lair:4   | Found a staircase to the Swamp.
 16927 | Lair:4   | Reached skill level 13 in Dodging
 16970 | Lair:4   | Reached *** piety under Ashenzari
 18070 | Lair:5   | Noticed Snorg
 18089 | Lair:5   | Killed Snorg
 18134 | Lair:5   | Reached skill level 10 in Armour
 18171 | Lair:5   | Found a runed translucent gate.
 18176 | Lair:5   | Found a runed translucent gate.
 18176 | Lair:5   | Noticed Bolunijamo's ghost (journeyman GnFi)
 18178 | Lair:5   | Found a runed translucent gate.
 18268 | Lair:5   | Reached **** piety under Ashenzari
 18279 | Lair:5   | Noticed Kirke
 18301 | Lair:5   | Killed Kirke
 18485 | Lair:5   | Found a staircase to the Slime Pits.
 18485 | Lair:5   | Found a viscous altar of Jiyva.
 18851 | Lair:6   | Entered Level 6 of the Lair of Beasts
 18891 | Lair:6   | Reached XP level 14. HP: 79/92 MP: 22/22
 18930 | Lair:6   | Noticed Nessos
 18946 | Lair:6   | Killed Nessos
 19200 | Lair:6   | Reached skill level 5 in Shields
 19545 | Lair:6   | Reached skill level 1 in Evocations
 19603 | Lair:6   | Identified the +6 quarterstaff of the Toadstool {flame,
                  | rC++ Int+3}
 20506 | Lair:6   | Reached skill level 14 in Dodging
 20651 | Lair:6   | Found a runed translucent door.
 21126 | Lair:6   | Noticed Urug
 21134 | Lair:6   | Killed Urug
 22216 | D:11     | Found a staircase to the Orcish Mines.
 22882 | D:12     | Found a gate leading to a gauntlet.
 22921 | Gauntlet | Entered a Gauntlet
 22921 | Gauntlet | Found a transporter.
 22930 | Gauntlet | Found a transporter.
 22934 | Gauntlet | Identified the ring "Qutojoj" {Will+ Int-3 Dex+6 Slay-6}
 22945 | Gauntlet | Found a transporter.
 22948 | Gauntlet | Noticed a balrug
 22950 | Gauntlet | Found a transporter.
 22965 | Gauntlet | Found a transporter.
 22966 | Gauntlet | Identified the ring "Fuirch Afrig" {*Drain +Blink rElec rC+
                  | Str+6}
 22983 | Gauntlet | Identified the ring "Naaggato" {*Drain +Fly rElec rPois
                  | Int+6 SInv}
 22984 | Gauntlet | Found a transporter.
 22996 | Gauntlet | Found a transporter.
 23004 | Gauntlet | Found a large runed translucent door.
 23005 | Gauntlet | Found a large runed translucent door.
 23006 | Gauntlet | Found a large runed translucent door.
 23006 | Gauntlet | Found a large runed translucent door.
 23007 | Gauntlet | Found a runed translucent gate.
 23008 | Gauntlet | Found a transporter.
 23008 | Gauntlet | Found a runed translucent gate.
 23009 | Gauntlet | Found a runed translucent gate.
 23010 | Gauntlet | Found a large runed translucent door.
 23010 | Gauntlet | Found a large runed translucent door.
 23010 | Gauntlet | Found a runed translucent door.
 23010 | Gauntlet | Found a runed translucent door.
 23011 | Gauntlet | Found a large runed translucent door.
 23012 | Gauntlet | Found a large runed translucent door.
 23014 | Gauntlet | Found a transporter.
 23019 | Gauntlet | Found a large runed translucent door.
 23019 | Gauntlet | Found a large runed translucent door.
 23020 | Gauntlet | Found a large runed translucent door.
 23021 | Gauntlet | Found a large runed translucent door.
 23029 | Gauntlet | Found a transporter.
 23031 | Gauntlet | Identified the +6 morningstar of Hoetir {freeze, +Rage
                  | Str-2 Int+2}
 23031 | Gauntlet | Found a large runed translucent door.
 23031 | Gauntlet | Found a large runed translucent door.
 23032 | Gauntlet | Found a large runed translucent door.
 23033 | Gauntlet | Found a large runed translucent door.
 23035 | Gauntlet | Found a transporter.
 23050 | Gauntlet | Found a transporter.
 23051 | Gauntlet | Noticed an entropy weaver
 23067 | Gauntlet | Found a transporter.
 23087 | Gauntlet | Found a transporter.
 23114 | Gauntlet | Found a transporter.
 23116 | Gauntlet | Found a transporter.
 23161 | Gauntlet | Found a transporter.
 23165 | Gauntlet | Found a transporter.
 23555 | Gauntlet | Identified the cursed +1 short sword "Kexy" {vamp, *Noise
                  | +Fly rC+++ Will+}
 23555 | Gauntlet | Identified the +6 shortbow of Doffacw {flame, rPois Int+3}
 23631 | Gauntlet | Reached XP level 15. HP: 26/99 MP: 20/23
 23861 | Gauntlet | Identified the Collected Works on the Voyage
 23864 | Gauntlet | Identified the Handbook of Beguiling
 23867 | Gauntlet | Identified the Handbook of Transmutation
 24148 | D:12     | Reached skill level 5 in Evocations
 24706 | Orc:1    | Entered Level 1 of the Orcish Mines
 24706 | Orc:1    | Found Soibbeph's Gadget Boutique.
 24706 | Orc:1    | Reached ***** piety under Ashenzari
 24713 | Orc:1    | Bought a lightning rod (4/4) for 360 gold pieces
 24713 | Orc:1    | Bought a condenser vane for 480 gold pieces
 24713 | Orc:1    | Bought a wand of iceblast (4) for 96 gold pieces
 24735 | Orc:1    | Found a runed translucent door.
 24755 | Orc:1    | Found the +10 tower shield of Ignorance {rN+ Int-4}
 24800 | Orc:1    | Found a runed translucent door.
 24973 | Orc:1    | Found Sofemm's Book Shop.
 25069 | Orc:1    | Found Wayhopus's Distillery.
 25173 | Orc:2    | Entered Level 2 of the Orcish Mines
 25173 | Orc:2    | Found a roughly hewn altar of Beogh.
 25338 | Orc:2    | Found an ancient bone altar of Kikubaaqudgha.
 25339 | Orc:2    | Noticed Nergalle
 25358 | Orc:2    | Killed Nergalle
 25368 | Orc:2    | Found Yrythoxyss's Magic Scroll Emporium.
 25617 | Orc:2    | Bought a scroll of remove curse for 39 gold pieces
 25619 | Orc:2    | Found a radiant altar of Vehumet.
 25651 | Orc:2    | Found Urphis's Gadget Emporium.
 26247 | Orc:2    | Found a staircase to the Elven Halls.
 26428 | Orc:2    | Found a roughly hewn altar of Beogh.
 26477 | Orc:2    | Found Toucaos's Antique Weapon Shoppe.
 26481 | Orc:2    | Paralysed by an orc sorcerer for 5 turns
 26497 | Orc:2    | Found Kogg's Gadget Shoppe.
 26499 | Orc:2    | Bought a runed demon trident for 594 gold pieces
 27275 | D:13     | Reached skill level 15 in Dodging
 27433 | D:13     | Found a gate to the Vaults.
 27439 | D:13     | Cast into level 3 of the Abyss (a wizard)
 27498 | Abyss:3  | Found a radiant altar of Vehumet.
 27565 | Abyss:3  | Found an ancient bone altar of Kikubaaqudgha.
 27691 | Abyss:3  | Noticed a tentacled starspawn
 27721 | Abyss:3  | Killed a tentacled starspawn
 27737 | Abyss:3  | Noticed a tentacled starspawn
 27757 | Abyss:3  | Noticed a tentacled starspawn
 27759 | Abyss:3  | Killed a tentacled starspawn
 27764 | Abyss:3  | Noticed a tentacled starspawn
 27778 | Abyss:3  | Reached XP level 16. HP: 49/106 MP: 24/24
 27793 | Abyss:3  | Killed a tentacled starspawn
 27816 | Abyss:3  | Noticed a quicksilver dragon
 27816 | Abyss:3  | a frost giant changed into a quicksilver dragon
 27817 | Abyss:3  | Noticed a shadow dragon
 27817 | Abyss:3  | a quicksilver dragon changed into a shadow dragon
 27818 | Abyss:3  | Noticed a quicksilver dragon
 27818 | Abyss:3  | a shadow dragon changed into a quicksilver dragon
 27829 | Abyss:3  | a quicksilver dragon changed into an emperor scorpion
 27833 | Abyss:3  | Noticed an azure jelly
 27833 | Abyss:3  | an emperor scorpion changed into an azure jelly
 27835 | Abyss:3  | an azure jelly changed into an alligator snapping turtle
 27836 | Abyss:3  | Noticed an azure jelly
 27836 | Abyss:3  | an alligator snapping turtle changed into an azure jelly
 27837 | Abyss:3  | an azure jelly changed into an eleionoma
 27838 | Abyss:3  | Noticed a caustic shrike
 27838 | Abyss:3  | an eleionoma changed into a caustic shrike
 27839 | Abyss:3  | a caustic shrike changed into a fire giant
 27841 | Abyss:3  | Noticed a sphinx
 27841 | Abyss:3  | a fire giant changed into a sphinx
 27843 | Abyss:3  | Killed a sphinx
 27854 | Abyss:3  | Identified the +5 scale mail "Worchib" {Rampage rF+}
 27928 | D:13     | Escaped the Abyss
 28844 | D:14     | Noticed Roxanne
 29497 | D:15     | Entered Level 15 of the Dungeon
 29673 | D:15     | Identified the Handbook of Attacks
 29997 | D:15     | Found a staircase to the Depths.
 30292 | D:15     | Reached ****** piety under Ashenzari
 30893 | Snake:1  | Entered Level 1 of the Snake Pit
 31036 | Snake:1  | Noticed a nagaraja
 31671 | Snake:1  | Killed a nagaraja
 31920 | Snake:1  | Reached skill level 10 in Shields
 32065 | Snake:1  | Reached XP level 17. HP: 112/112 MP: 25/25
 32479 | Snake:2  | Reached skill level 16 in Dodging
 32567 | Snake:2  | Found a glowing golden altar of the Shining One.
 32614 | Snake:2  | Found Poomp's Magic Scroll Shop.
 32617 | Snake:2  | Bought a scroll of remove curse for 39 gold pieces
 32617 | Snake:2  | Bought a scroll of remove curse for 39 gold pieces
 32617 | Snake:2  | Bought a scroll of identify for 26 gold pieces
 32617 | Snake:2  | Bought a scroll of remove curse for 39 gold pieces
 32921 | Snake:2  | Identified a scroll of acquirement
 32922 | Snake:2  | Acquired the cursed ring of Raxtoro {+Inv rElec rC+ rN++
                  | Will-}
 33921 | Snake:3  | Reached skill level 15 in Fighting
 34719 | Snake:4  | Entered Level 4 of the Snake Pit
 34831 | Snake:4  | Found Lepp's Book Emporium.
 34942 | Snake:4  | Found a bloodstained altar of Trog.
 36381 | Snake:3  | Reached skill level 10 in Evocations
 36724 | Snake:4  | Reached XP level 18. HP: 82/119 MP: 23/26
 37550 | Snake:4  | Found Ithra Idu's Distillery.
 38555 | Snake:4  | Reached skill level 17 in Dodging
 39278 | Snake:4  | Reached skill level 15 in Armour
 39680 | Snake:4  | Got a serpentine rune of Zot
 39958 | Orc:1    | Bought a manual of Shields for 1435 gold pieces
 39975 | Orc:1    | Bought a potion of haste for 130 gold pieces
 39975 | Orc:1    | Bought a potion of heal wounds for 65 gold pieces
 40157 | Swamp:1  | Entered Level 1 of the Swamp
 41592 | Swamp:2  | Noticed Louise
 41611 | Swamp:2  | Killed Louise
 42454 | Swamp:3  | Reached XP level 19. HP: 112/125 MP: 27/27
 43528 | Swamp:4  | Entered Level 4 of the Swamp
 43534 | Swamp:4  | Paralysed by a fenstrider witch for 7 turns
 43546 | Swamp:3  | Paralysed by a fenstrider witch for 4 turns
 43548 | Swamp:3  | Slain by an alligator

Illustrated notes

Levels and vault maps discovered:
D:1:      giann_horns, layout_basic, xom_teletrap_fun
D:2:      layout_loops_ring, hangedman_ru_absence
D:3:      layout_loops_ring, amethyst_overflow_temple_binary,
          gammafunk_ghost_nasty_kobolds, minmay_checkerbox
D:4:      layout_loops_ring, chequers_mini_garden
D:5:      layout_basic, elyvilon_altar_5, overflow_temple_1_default,
          lightli_ossuary_entry_decrepit_ruins, kennysheep_generic_room_16,
          uniq_eustachio, uniq_prince_ribbit1
D:6:      wander_guarded_unrand_ratskin, layout_basic, grunt_dithmenos_smoke
D:7:      layout_gridville, minmay_temple_entry_overgrown,
          fedhas_altar_decomposition
D:8:      layout_cave_pools, david_lair_shrubbed, minmay_lindwurm_lava
D:9:      layout_long_grid, kennysheep_little_box, overflow_temple_1_default,
          minmay_fractal_squares_gapless_5, uniq_maggie, uniq_harold
D:10:     layout_loops_cross, hangedman_abyss_or_decor_slice
D:11:     layout_stronghold, hiddenorc1_lemuel
D:12:     layout_basic, gauntlet_entry_generic, minmay_misc_feat_rows,
          hangedman_tell_no_tales
D:13:     layout_irregular_city, david_vaults_1
D:14:     layout_irregular_city, serial_bayou_pond_e, minmay_shattered_shrine,
          uniq_roxanne
D:15:     hangedman_depths_entry_try_elsewhere_first, layout_irregular_city,
          chequers_decorated_corner
Temple:   regret_index_temple_generic_petals
Lair:1:   layout_cave_pods
Lair:2:   layout_hall_layers, infiniplex_staircase_pool_2
Lair:3:   layout_regular_city, guppyfry_snake_entry_island, grunt_megastairs_5,
          uniq_sonja, uniq_gastronok
Lair:4:   layout_regular_city, minmay_swamp_entry_reptiles
Lair:5:   layout_regular_city, slime_altar_1, ebering_ghost_rock_garden,
          uniq_kirke, uniq_snorg
Lair:6:   hangedman_lair_tendril_chambers, layout_cave_shapes, wormcave,
          dpeg_stationary_puzzle, uniq_urug, uniq_nessos
Swamp:1:  layout_basic_swamp, evilmike_swamp_ruin_house_3, swamp_pool1
Swamp:2:  cheibrodos_swamp_tower_of_moss, layout_falls_marsh,
          nicolae_swamp_round_clearing, uniq_louise
Swamp:3:  layout_basic_swamp, hangedman_swamp_cone
Swamp:4:  swamp, layout_basic_swamp
Snake:1:  layout_onion, hangedman_corner_corridor, serial_bayou_shore_a
Snake:2:  layout_honeycomb, basic_altar, serial_shops, nicolae_shop_behind_doors
Snake:3:  layout_misc_corridors
Snake:4:  snake_hunt, layout_gridlike, serial_shops, shop, shop, basic_altar,
          grunt_ministairs_10
Orc:1:    layout_diamond_mine, serial_shops,
          nicolae_shop_competitors_out_of_business, nicolae_shop_statue_plus,
          shop, chequers_guarded_unrand_ignorance
Orc:2:    kennysheep_orc_mage_school, layout_diamond_mine, mines1_david

Skill      XL: |  1  2  3  4  5  6  7  8  9 10 11 12 13 14 15 16 17 18 |
---------------+-------------------------------------------------------+-----
Ice Magic      | 4 5 6 |  6.1
Spellcasting   | 3 4 5 |  5.2
Fighting       | 2 5 7 8 10 11 12 13 14 15 16 | 16.2
Dodging        | 3 6 8 9 11 12 13 14 15 16 17 | 17.5
Polearms       | 1 5 7 9 |  9.9
Armour         | 2 5 8 10 11 12 13 14 15 | 15.5
Shields        | 4 6 8 10 11 12 | 12.9
Evocations     | 4 6 8 10 11 | 11.4
Stealth        | |  2.0

Action                   |  1- 3 |  4- 6 |  7- 9 | 10-12 | 13-15 | 16-18 | 19-21 || total
-------------------------+-------+-------+-------+-------+-------+-------+-------++-------
Melee: Unarmed           |    34 |       |       |     4 |       |       |       ||    38
       Peck              |    11 |    13 |    71 |   148 |   624 |   723 |    21 ||  1611
       Kick              |    12 |    10 |   100 |   236 |  1028 |  1100 |    37 ||  2523
       Quarterstaff      |    30 |   103 |   191 |       |       |       |       ||   324
       Spear             |       |       |   208 |   530 |  2037 |  2515 |       ||  5290
       Demon trident     |       |       |       |       |       |   222 |   128 ||   350
 Cast: Freeze            |    32 |     2 |     2 |       |       |       |       ||    36
       Frozen Ramparts   |       |    11 |    16 |    37 |    29 |    39 |       ||   132
       Ozocubu's Armour  |       |     4 |    10 |    22 |    13 |     3 |       ||    52
Invok: Curse Item        |       |       |     1 |     1 |     1 |     5 |       ||     8
       Scrying           |       |       |       |       |     1 |       |       ||     1
 Abil: Fly               |       |     1 |       |       |       |       |       ||     1
       Evoke Invisibilit |       |       |       |       |       |     1 |       ||     1
Evoke: Wand              |       |       |       |     7 |     9 |    10 |     2 ||    28
       Box of beasts     |       |       |       |       |     3 |     5 |       ||     8
       Lightning rod     |       |       |       |       |     7 |    14 |       ||    21
       Condenser vane    |       |       |       |       |     2 |     5 |     1 ||     8
       Phantom mirror    |       |       |       |       |       |     5 |       ||     5
  Use: Scroll            |       |     4 |     6 |     4 |     7 |    23 |     4 ||    48
       Potion            |       |       |     2 |       |     4 |    15 |     1 ||    22
 Stab: Sleeping          |     1 |     7 |    18 |     8 |    11 |    17 |       ||    62
       Distracted        |       |       |       |     1 |     8 |     8 |     1 ||    18
       Invisible         |       |       |       |       |    38 |       |       ||    38
       Paralysed         |       |       |       |       |    12 |       |       ||    12
       Petrified         |       |       |       |       |     9 |       |       ||     9
       Petrifying        |       |       |       |       |     1 |       |       ||     1
Armor: Robe              |     9 |    34 |    50 |    14 |       |       |       ||   107
       Skin              |       |       |    52 |       |       |       |       ||    52
       Swamp dragon scal |       |       |       |    79 |   234 |    78 |       ||   391
       Scale mail        |       |       |       |       |       |   156 |    28 ||   184
Dodge: Dodged            |    79 |    96 |   308 |   350 |   896 |   821 |    29 ||  2579
Block: Kite shield       |       |       |       |       |   644 |       |       ||   644
       Reflection        |       |       |       |       |    25 |       |       ||    25
       Tower shield      |       |       |       |       |   362 |  2446 |    81 ||  2889
